General information
- name: BNet
- type: Ladder team game (AT/RT)
- host: Battle.net
- saver: DRAYENS-MYBF
map: MarketSquare
- players: 8
- length: 23:59
- speed: Fast
- version: 1.27 W3XP
- replay type: Public
» download(132 KB)
Players
team 1 (winner)
DRAYENS-MYBF (
blue | 69 APM | 1646 actions | 23:59)
6 Blood Mage
2 Banish
3 Flame Strike
1 Summon Phoenix
» actions
| Assign group hotkey | 49 | |
| Basic commands | 7 | |
| Build / train | 80 | |
| Enter build submenu | 16 | |
| Enter hero's abilities submenu | 6 | |
| Give item / drop item | 2 | |
| Right click | 682 | |
| Select / deselect | 217 | |
| Select group hotkey | 468 | |
| Use ability | 119 | |
1646 total
» units
| Peasant | 7 | |
| Footman | 4 | |
| Rogue | 1 | |
| Sorceress | 12 | |
24 total
» upgrades
| Masonry | 3 | |
| Lumber Harvesting | 1 | |
| Sorceress Training | 2 | |
6 total
» buildings
| Altar of Kings | 1 | |
| Barracks | 1 | |
| Farm | 6 | |
| Scout Tower | 4 | |
| Arcane Tower | 1 | |
| Arcane Vault | 1 | |
| Keep | 1 | |
| Lumber Mill | 1 | |
| Guard Tower | 7 | |
| Arcane Sanctum | 2 | |
| Castle | 1 | |
26 total
» build order
00:09 Altar of Kings
00:21 Barracks
00:37 Farm
00:51 Farm
01:31 Scout Tower
01:38 Farm
01:59 Arcane Tower
02:22 Arcane Vault
03:24 Keep
03:28 Lumber Mill
03:41 Scout Tower
03:44 Scout Tower
04:10 Scout Tower
04:30 Guard Tower
04:30 Guard Tower
04:31 Guard Tower
04:31 Guard Tower
04:43 Guard Tower
04:44 Guard Tower
04:44 Guard Tower
04:52 Farm
05:17 Farm
06:05 Arcane Sanctum
07:42 Castle
08:28 Arcane Sanctum
15:16 Farm
» items
| Scroll of Regeneration | 5 | |
| Lesser Clarity Potion | 2 | |
| Mechanical Critter | 2 | |
| Potion of Mana | 8 | |
| Potion of Invisibility | 4 | |
| Boots of Speed | 1 | |
| Potion of Lesser Invulnerability | 2 | |
| Potion of Healing | 3 | |
| Scroll of Town Portal | 5 | |
| Staff of Teleportation | 1 | |
33 total

»
Wetbone (
purple | 43 APM | 1029 actions | 23:53)
6 Mountain King
3 Storm Bolt
2 Bash
1 Avatar
4 Paladin
2 Holy Light
1 Devotion Aura
1 Divine Shield
3 Archmage
2 Summon Water Elemental
1 Brilliance Aura
» actions
| Build / train | 101 | |
| Enter build submenu | 22 | |
| Enter hero's abilities submenu | 13 | |
| Remove unit from queue | 5 | |
| Right click | 414 | |
| Select / deselect | 392 | |
| Use ability | 82 | |
1029 total
» units
| Peasant | 10 | |
| Footman | 5 | |
| Rifleman | 7 | |
| Priest | 3 | |
| Sorceress | 3 | |
| Dragonhawk Rider | 4 | |
| Gryphon Rider | 5 | |
| Spell Breaker | 2 | |
| Knight | 1 | |
| Rogue | 1 | |
| Assassin | 1 | |
| Kobold Geomancer | 1 | |
43 total
» upgrades
| Masonry | 3 | |
| Swords | 3 | |
| Plating | 2 | |
| Defend | 1 | |
| Lumber Harvesting | 2 | |
| Long Rifles | 1 | |
| Gunpowder | 3 | |
| Armor | 2 | |
| Priest Training | 2 | |
| Sorceress Training | 2 | |
| Control Magic | 1 | |
| Magic Sentry | 1 | |
| Cloud | 1 | |
| Storm Hammers | 1 | |
| Animal War Training | 1 | |
26 total
» buildings
| Altar of Kings | 1 | |
| Farm | 9 | |
| Barracks | 1 | |
| Lumber Mill | 1 | |
| Keep | 1 | |
| Blacksmith | 1 | |
| Scout Tower | 12 | |
| Arcane Vault | 1 | |
| Guard Tower | 6 | |
| Arcane Sanctum | 1 | |
| Castle | 1 | |
| Town Hall | 2 | |
| Gryphon Aviary | 1 | |
38 total
» build order
00:17 Altar of Kings
00:26 Farm
00:30 Farm
00:51 Barracks
01:09 Lumber Mill
01:46 Farm
02:47 Keep
03:05 Farm
03:11 Blacksmith
03:41 Scout Tower
03:43 Scout Tower
03:46 Farm
03:46 Farm
04:34 Arcane Vault
04:38 Guard Tower
04:53 Guard Tower
05:08 Scout Tower
05:10 Farm
05:51 Guard Tower
06:22 Farm
06:24 Farm
10:24 Arcane Sanctum
11:47 Castle
13:19 Town Hall
13:22 Scout Tower
13:23 Scout Tower
13:25 Scout Tower
13:26 Scout Tower
13:39 Scout Tower
13:40 Scout Tower
13:42 Scout Tower
13:45 Scout Tower
13:46 Scout Tower
13:58 Gryphon Aviary
15:47 Guard Tower
15:49 Guard Tower
21:09 Guard Tower
22:19 Town Hall
» items
| Scroll of Town Portal | 2 | |
| Scroll of Regeneration | 1 | |
| Scroll of Protection | 1 | |
4 total

»
WATTSWATT (
yellow | 40 APM | 954 actions | 23:53)
3 Death Knight
2 Death Coil
1 Unholy Aura
5 Crypt Lord
1 Carrion Beetles
3 Spiked Carapace
1 Impale
» actions
| Assign group hotkey | 32 | |
| Build / train | 57 | |
| Enter build submenu | 17 | |
| Enter hero's abilities submenu | 8 | |
| Give item / drop item | 2 | |
| Right click | 235 | |
| Select / deselect | 205 | |
| Select group hotkey | 367 | |
| Use ability | 31 | |
954 total
» units
| Acolyte | 7 | |
| Ghoul | 4 | |
| Crypt Fiend | 8 | |
| Frost Wyrm | 5 | |
| Gargoyle | 1 | |
25 total
» upgrades
| Creature Attack | 3 | |
| Web | 1 | |
| Freezing Breath | 1 | |
| Creature Carapace | 2 | |
7 total
» buildings
| Altar of Darkness | 1 | |
| Ziggurat | 8 | |
| Graveyard | 1 | |
| Crypt | 2 | |
| Halls of the Dead | 1 | |
| Spirit Tower | 4 | |
| Tomb of Relics | 1 | |
| Black Citadel | 1 | |
| Sacrificial Pit | 1 | |
| Necropolis | 1 | |
| Boneyard | 3 | |
24 total
» build order
00:11 Altar of Darkness
00:20 Ziggurat
00:43 Graveyard
01:04 Crypt
01:37 Ziggurat
02:53 Crypt
03:40 Halls of the Dead
03:56 Spirit Tower
04:09 Ziggurat
04:13 Tomb of Relics
05:48 Ziggurat
06:40 Black Citadel
06:56 Sacrificial Pit
10:13 Necropolis
10:40 Ziggurat
10:41 Ziggurat
10:42 Ziggurat
11:48 Boneyard
11:50 Boneyard
12:48 Spirit Tower
12:54 Ziggurat
13:23 Spirit Tower
14:21 Spirit Tower
17:59 Boneyard
» items
| Potion of Healing | 1 | |
| Scroll of Town Portal | 4 | |
| Potion of Lesser Invulnerability | 1 | |
| Scroll of Healing | 1 | |
| Orb of Corruption | 1 | |
8 total
Starry (
teal | 25 APM | 591 actions | 23:52)
3 Warden
2 Fan of Knives
1 Shadow Strike
» actions
| Assign group hotkey | 9 | |
| Basic commands | 14 | |
| Build / train | 56 | |
| Enter build submenu | 20 | |
| Enter hero's abilities submenu | 3 | |
| Remove unit from queue | 2 | |
| Right click | 222 | |
| Select / deselect | 139 | |
| Select group hotkey | 91 | |
| Use ability | 35 | |
591 total
» units
| Wisp | 20 | |
| Huntress | 4 | |
| Hippogryph | 7 | |
| Chimaera | 4 | |
35 total
» upgrades
| Strength of the Moon | 1 | |
| Moon Armor | 1 | |
| Ultravision | 1 | |
| Strength of the Wild | 3 | |
| Reinforced Hides | 3 | |
| Nature's Blessing | 1 | |
| Well Spring | 1 | |
11 total
» buildings
| Altar of Elders | 1 | |
| Moon Well | 8 | |
| Ancient of War | 2 | |
| Hunter's Hall | 1 | |
| Tree of Ages | 1 | |
| Tree of Eternity | 1 | |
| Ancient of Wind | 2 | |
| Tree of Life | 1 | |
| Ancient Protector | 5 | |
| Chimaera Roost | 2 | |
24 total
» build order
00:41 Altar of Elders
01:08 Moon Well
01:27 Moon Well
02:42 Ancient of War
03:22 Hunter's Hall
05:04 Ancient of War
05:56 Moon Well
06:04 Moon Well
06:08 Moon Well
06:10 Moon Well
06:32 Tree of Ages
11:02 Tree of Eternity
11:13 Ancient of Wind
11:23 Ancient of Wind
17:45 Tree of Life
19:56 Ancient Protector
20:03 Ancient Protector
20:10 Ancient Protector
20:16 Ancient Protector
20:24 Ancient Protector
21:04 Chimaera Roost
21:12 Chimaera Roost
22:48 Moon Well
22:52 Moon Well
» items
| Scroll of Town Portal | 1 | |
| Boots of Speed | 1 | |
2 total
team 2 (loser)
Police (
orange | 55 APM | 1325 actions | 23:52)
5 Priestess of the Moon
3 Trueshot Aura
2 Searing Arrows
3 Pit Lord
2 Howl of Terror
1 Cleaving Attack
2 Death Knight
1 Death Coil
1 Unholy Aura
» actions
| Assign group hotkey | 30 | |
| Basic commands | 50 | |
| Build / train | 77 | |
| ESC pressed | 1 | |
| Enter build submenu | 16 | |
| Enter hero's abilities submenu | 11 | |
| Give item / drop item | 6 | |
| Remove unit from queue | 2 | |
| Right click | 369 | |
| Select / deselect | 341 | |
| Select group hotkey | 359 | |
| Use ability | 63 | |
1325 total
» units
| Wisp | 10 | |
| Archer | 23 | |
| Hippogryph | 16 | |
49 total
» upgrades
| Strength of the Moon | 3 | |
| Moon Armor | 3 | |
| Hippogryph Taming | 1 | |
| Improved Bows | 1 | |
| Marksmanship | 1 | |
9 total
» buildings
| Ancient of War | 1 | |
| Altar of Elders | 1 | |
| Moon Well | 11 | |
| Hunter's Hall | 1 | |
| Tree of Ages | 1 | |
| Ancient of Wind | 1 | |
| Ancient of Wonders | 1 | |
| Tree of Eternity | 1 | |
18 total
» build order
00:29 Ancient of War
00:39 Altar of Elders
00:50 Moon Well
01:57 Moon Well
02:31 Moon Well
02:59 Hunter's Hall
04:44 Tree of Ages
06:15 Moon Well
07:10 Ancient of Wind
07:16 Ancient of Wonders
07:21 Moon Well
11:39 Moon Well
12:36 Tree of Eternity
16:16 Moon Well
20:10 Moon Well
23:19 Moon Well
23:19 Moon Well
23:22 Moon Well
» items
| Scroll of Town Portal | 2 | |
| Staff of Preservation | 1 | |
3 total
teamleader (
pink | 70 APM | 1008 actions | 14:21)
4 Priestess of the Moon
2 Trueshot Aura
1 Scout
1 Searing Arrows
1 Death Knight
1 Death Coil
3 Keeper of the Grove
2 Entangling Roots
1 Thorns Aura
1 Naga Sea Witch
1 Frost Arrows
» actions
| Assign group hotkey | 89 | |
| Build / train | 72 | |
| Enter build submenu | 13 | |
| Enter hero's abilities submenu | 10 | |
| Right click | 344 | |
| Select / deselect | 300 | |
| Select group hotkey | 133 | |
| Use ability | 47 | |
1008 total
» units
| Wisp | 18 | |
| Archer | 19 | |
| Crypt Fiend | 1 | |
| Hippogryph | 6 | |
| Acolyte | 5 | |
49 total
» upgrades
| Improved Bows | 1 | |
| Creature Carapace | 1 | |
| Hippogryph Taming | 1 | |
| Strength of the Moon | 1 | |
| Marksmanship | 1 | |
5 total
» buildings
| Altar of Elders | 1 | |
| Moon Well | 6 | |
| Ancient of War | 1 | |
| Tree of Ages | 2 | |
| Halls of the Dead | 1 | |
| Ancient of Wind | 2 | |
| Tree of Life | 1 | |
| Tree of Eternity | 1 | |
| Ancient of Wonders | 1 | |
| Hunter's Hall | 1 | |
17 total
» build order
00:19 Altar of Elders
00:34 Moon Well
01:15 Ancient of War
01:24 Moon Well
02:08 Tree of Ages
02:08 Tree of Ages
03:05 Moon Well
04:56 Halls of the Dead
05:15 Ancient of Wind
05:18 Ancient of Wind
05:43 Moon Well
07:01 Tree of Life
09:32 Tree of Eternity
10:47 Moon Well
11:06 Ancient of Wonders
11:14 Hunter's Hall
12:08 Moon Well
» items
| Scroll of Protection | 1 | |
| Boots of Speed | 1 | |
2 total
CHRONICtOKE (
red | 68 APM | 967 actions | 14:11)
5 Death Knight
2 Death Coil
3 Unholy Aura
1 Crypt Lord
1 Impale
1 Lich
1 Frost Nova
» actions
| Assign group hotkey | 23 | |
| Build / train | 82 | |
| Enter build submenu | 25 | |
| Enter hero's abilities submenu | 8 | |
| Give item / drop item | 1 | |
| Remove unit from queue | 3 | |
| Right click | 414 | |
| Select / deselect | 250 | |
| Select group hotkey | 99 | |
| Use ability | 62 | |
967 total
» units
| Acolyte | 16 | |
| Ghoul | 8 | |
| Crypt Fiend | 13 | |
37 total
» upgrades
| Creature Attack | 4 | |
| Creature Carapace | 2 | |
| Web | 2 | |
| Burrow | 2 | |
10 total
» buildings
| Graveyard | 2 | |
| Crypt | 2 | |
| Ziggurat | 11 | |
| Altar of Darkness | 2 | |
| Tomb of Relics | 2 | |
| Nerubian Tower | 3 | |
| Halls of the Dead | 2 | |
| Spirit Tower | 3 | |
| Black Citadel | 2 | |
| Sacrificial Pit | 1 | |
| Temple of the Damned | 1 | |
31 total
» build order
00:11 Graveyard
00:27 Graveyard
00:30 Crypt
00:37 Ziggurat
00:44 Crypt
00:59 Altar of Darkness
01:05 Ziggurat
01:08 Altar of Darkness
01:19 Tomb of Relics
01:38 Ziggurat
02:00 Tomb of Relics
02:15 Ziggurat
02:25 Nerubian Tower
02:28 Nerubian Tower
03:19 Ziggurat
04:38 Halls of the Dead
05:21 Ziggurat
05:28 Ziggurat
06:03 Ziggurat
06:12 Ziggurat
08:57 Spirit Tower
09:01 Spirit Tower
10:39 Ziggurat
10:41 Black Citadel
10:41 Black Citadel
10:44 Sacrificial Pit
11:31 Ziggurat
12:02 Nerubian Tower
12:09 Temple of the Damned
» items
| Rod of Necromancy | 3 | |
| Scroll of Town Portal | 2 | |
| Potion of Healing | 1 | |
6 total
Chat log
(00:13 / Allies) Starry: Kk
(00:24 / Allies) Starry: I'll go BM
(00:30 / Allies) Starry: I mean, DH
(00:35 / Allies) WATTSWATT: dey will rus
(09:17 / Allies) Wetbone: red dk
(09:31 / Allies) DRAYENS-MYBF: hit expos
(11:37 / Allies) WATTSWATT: gold pls
(12:02 / Allies) WATTSWATT: gold pls
(12:54 / Allies) DRAYENS-MYBF: do u guys not see pinks expo
(13:58 / Allies) WATTSWATT: meet
(14:17 / All) DRAYENS-MYBF: rofl
(14:33 / Allies) DRAYENS-MYBF: he left cuz of me lawl
(14:37 / Allies) DRAYENS-MYBF: i got like 15 of his acos
(14:52 / All) Police: i dont even know what happened there lol
(17:09 / Allies) DRAYENS-MYBF: can we creep corners guys
(17:14 / Allies) DRAYENS-MYBF: lets just chill
(19:10 / Allies) WATTSWATT: lol
(20:12 / Allies) WATTSWATT: teall were u army ??
(20:29 / Allies) Starry: had shit to do
(20:31 / Allies) Starry: going chims
(20:36 / Allies) WATTSWATT: better urry
(21:23 / Allies) DRAYENS-MYBF: damn dude dont be a wimp
(23:04 / Allies) Starry: Tp now
(23:09 / Allies) WATTSWATT: ok
(23:42 / All) DRAYENS-MYBF: FOR WINTERFELL
(23:49 / All) Police: finally
(23:51 / Allies) Starry: Raped